 Dungeon Crawl Stone Soup version 0.25-a0-785-gb22c70e859 (webtiles) character file.

Game seed: 2363813165632639267, levelgen mode: deterministic

11 mortelune the Bolt Thrower (level 2, -2/18 HPs)
             Began as a Kobold Hunter on Apr 17, 2020.
             Slain by a worm (8 damage)
             ... on level 2 of the Dungeon.
             The game lasted 00:01:10 (1138 turns).

mortelune the Bolt Thrower (Kobold Hunter)          Turns: 1138, Time: 00:01:11

Health: -2/18      AC:  8    Str:  9    XL:     2   Next: 35%
Magic:  2/2        EV:  6    Int: 12    God:
Gold:   39         SH:  0    Dex: 15    Spells: 1/1 levels left

rFire    + . .     SeeInvis .   b - +0 short sword
rCold    x . .     Gourm    +   (shield restricted)
rNeg     . . .     Faith    .   h - +0 chain mail
rPois    .         Spirit   .   (no helmet)
rElec    .         Reflect  .   (no cloak)
rCorr    .         Harm     .   (no gloves)
MR       .....                  (no boots)
Stlth    ..........             m - amulet of the gourmand
HPRegen  0.06/turn              e - ring of fire
MPRegen  0.08/turn              l - ring of attention (curse)

@: no status effects
A: small, carnivore
a: no special abilities


You were on level 2 of the Dungeon.
You were not hungry.

You visited 1 branch of the dungeon, and saw 2 of its levels.

You collected 39 gold pieces.

Inventory:

Hand Weapons
 a - a +1 hand crossbow
 b - a +0 short sword (weapon)
Missiles
 d - 16 bolts
Armour
 c - a +0 leather armour
 h - a +0 chain mail (worn)
Jewellery
 e - a ring of fire (left hand)
 j - an uncursed ring of fire
 l - a cursed ring of attention (right hand)
 m - an amulet of the gourmand (around neck)
 n - an uncursed amulet of magic regeneration {unknown}
Scrolls
 g - a scroll of immolation {unknown}
 o - a scroll of blinking {unknown}
 p - a scroll of teleportation {unknown}
 q - a scroll of magic mapping {unknown}
 r - 3 scrolls of amnesia {unknown}
Potions
 i - a potion of curing {unknown}
 k - a potion of mutation {unknown}
Comestibles
 f - a ration


   Skills:
 * Level 2.6 Fighting
 * Level 1.4 Short Blades
 - Level 4.8 Crossbows
 + Level 2.6 Dodging
 - Level 1.3 Stealth


You had one spell level left.
You didn't know any spells.
Your spell library was empty.

Dungeon Overview and Level Annotations

Branches:
Dungeon (2/15)

Altars:


Innate Abilities, Weirdness & Mutations

You are small and have problems with some larger weapons.
You are carnivorous and can eat meat at any time.


Message History

You kill the kobold!
No target in view!
You see here a kobold corpse.
HP restored.
You open the door.
There is an open door here.
A worm comes into view.
A worm is nearby!
A worm is nearby!
The worm bites you.
You are too injured to fight recklessly!
You hit the worm.
The worm is lightly wounded.
You hit the worm.
The worm is moderately wounded.
The worm bites you!
Your chain mail prevents you from hitting the worm.
The worm is lightly wounded.
The worm bites you!
You die...

#.........######
#.........#
###########'#######
#.........†.#
#.###########
###'### #.....#
#.....#########
#........@....#
#.........w...#
#..##......##....
#.. ##....## ...
#.. ##..## # #..
####


You could see a worm.

Vanquished Creatures
  A worm (D:1)
  3 hobgoblins (D:1)
  2 bats (D:1)
  2 kobolds (D:2)
8 creatures vanquished.

Notes
Turn   | Place    | Note
-------+----------+-------------------------------------------
     0 | D:1      | mortelune the Kobold Hunter began the quest for the Orb.
     0 | D:1      | Reached XP level 1. HP: 12/12 MP: 1/1
   577 | D:1      | Reached skill level 1 in Short Blades
   577 | D:1      | Reached XP level 2. HP: 18/18 MP: 2/2
  1138 | D:2      | Slain by a worm

Levels and vault maps discovered:
D:1:      co_arrival_square_in_a_square_in_a_square, layout_loops_ring,
          roderic_serpentine_path
D:2:      layout_basic, first_ration, minivault_19, kennysheep_another_room,
          kennysheep_cross_room, uniq_robin, uniq_terence

Skill      XL: |  1 |
---------------+----+-----
Short Blades   | 1 |  1.4
Fighting       | |  2.6
Crossbows      | |  4.8
Dodging        | |  2.6
Stealth        | |  1.3

Action                   || total
-------------------------++-------
Melee: Short sword       ||    16
 Fire: Hand crossbow     ||    26
  Eat: Chunk             ||     2
Armor: Chain mail        ||    14
Dodge: Dodged            ||     6

Table legend:
 A = Non-vault XP
 B = Vault XP
 C = Vault XP percentage of total XP
 D = Non-vault monster count
 E = Vault monster count
 F = Vault count percentage of total count
                 A         B        C        D         E       F
            +---------+---------+-------+---------+---------+-------
      Total |      16 |       0 |   0.0 |       8 |       0 |   0.0
            +---------+---------+-------+---------+---------+-------
        D:1 |      14 |       0 |   0.0 |       6 |       0 |   0.0
        D:2 |       2 |       0 |   0.0 |       2 |       0 |   0.0
            +---------+---------+-------+---------+---------+-------
